 Dungeon Crawl Stone Soup version 0.30.1-4-g462c640d31 (webtiles) character file.

Game seed: 8852616646557532914

312 safid the Chiller (level 6, -2/48 HPs)
             Began as a Merfolk Ice Elementalist on Sept 15, 2023.
             Was an Initiate of Vehumet.
             Slain by Duvessa
             ... wielding a +0 short sword
              (4 damage)
             ... on level 4 of the Dungeon.
             The game lasted 00:03:05 (3078 turns).

safid the Chiller (Merfolk Ice Elementalist)        Turns: 3078, Time: 00:03:05

Health: -2/48      AC:  9    Str:  8    XL:     6   Next: 42%
Magic:  1/11       EV: 12    Int: 17    God:    Vehumet [......]
Gold:   111        SH:  0    Dex: 14    Spells: 5/12 levels left

rFire   + . .        m - +0 falchion (elec)
rCold   + . .        (no shield)
rNeg    . . .        a - +0 robe
rPois   .            (no helmet)
rElec   .            p - scarf {rC+ rF+}
rCorr   .            (no gloves)
SInv    .            s - +0 pair of boots
Will    .....        (no amulet)
Stlth   ++           (no ring)
HPRegen 0.28/turn    (no ring)
MPRegen 0.12/turn

%: no passive effects
@: ice-armoured, flying
A: (nimble swimmer 2), mertail
a: Renounce Religion


You were on level 4 of the Dungeon.
You worshipped Vehumet.
Vehumet was noncommittal.
You visited 1 branch of the dungeon, and saw 4 of its levels.

You collected 111 gold pieces.

Inventory:

Hand Weapons
 m - a +0 falchion of electrocution (weapon)
Armour
 a - a +0 robe (worn)
 p - a scarf of resistance (worn)
 s - a +0 pair of boots (worn)
Wands
 q - a wand of flame (6)
Scrolls
 c - a scroll of vulnerability {unknown}
 d - a scroll of enchant weapon {unknown}
 e - 3 scrolls of identify {unknown}
 f - 3 scrolls of magic mapping {unknown}
 i - a scroll of poison {unknown}
 k - 2 scrolls of noise {unknown}
 l - a scroll of teleportation {unknown}
 o - 2 scrolls of blinking {unknown}
Potions
 b - a potion of magic
 g - a potion of lignification {unknown}
 h - a potion of invisibility {unknown}
 j - a potion of attraction {unknown}
 n - a potion of flight
 r - a potion of mutation {unknown}


   Skills:
 + Level 3.7 Fighting
 - Level 2.6 Dodging
 - Level 2.1 Stealth
 + Level 3.8 Spellcasting
 + Level 5.9 Ice Magic


You had 5 spell levels left.
You knew the following spells:

 Your Spells              Type           Power      Damage    Failure   Level
a - Freeze                Ice            92%        1d9       1%          1
b - Frozen Ramparts       Ice            46%        1d7       4%          3
c - Ozocubu's Armour      Ice            23%        N/A       4%          3

Your spell library contained the following spells:

 Spells                   Type           Power      Damage    Failure   Level
 Summon Ice Beast         Ice/Summ       13%        N/A       43%         4


Dungeon Overview and Level Annotations

Branches:
Dungeon (4/15)
 Temple: D:4-7

Altars:
Cheibriados
Makhleb
Vehumet

Shops:
D:2 (

Annotations:
D:4 Duvessa


Innate Abilities, Weirdness & Mutations

((You are very nimble when in or above water. (Stealth+, EV+, Speed+++)))
Your lower body shifts to a powerful aquatic tail in water.


Message History

Aim: Dowan, wielding a +4 dagger and wearing a +0 robe (severely wounded)
You freeze Dowan.
Dowan is almost dead.
Duvessa hits you with a +0 short sword.
The wall freezes Dowan.
You kill Dowan!
Vehumet accepts your kill.
Duvessa weeps, and shakes her weapon.
Duvessa goes berserk!
Casting: Freeze (safe; 1% risk of failure)
Confirm with . or Enter, or press ? or * to list all spells.
Aiming: Freeze (safe; 1% risk of failure)
Press: ? - help, Shift-Dir - straight line, f - Duvessa
Aim: Duvessa, wielding a +0 short sword and wearing a +0 leather armour (severely wounded, berserk, fast)
You freeze Duvessa.
Duvessa is severely wounded.
Duvessa hits you with a +0 short sword! Duvessa hits you but does no damage.
Casting: Freeze (safe; 1% risk of failure)
Confirm with . or Enter, or press ? or * to list all spells.
Aiming: Freeze (safe; 1% risk of failure)
Press: ? - help, Shift-Dir - straight line, f/p - Duvessa
Aim: Duvessa, wielding a +0 short sword and wearing a +0 leather armour (severely wounded, berserk, fast)
You freeze Duvessa.
Duvessa is severely wounded.
Duvessa closely misses you.
You hit Duvessa but do no damage.
Duvessa is severely wounded.
Duvessa hits you but does no damage. Duvessa hits you with a +0 short sword.
* * * LOW HITPOINT WARNING * * *
Unknown command.
It was a potion of flight.
You feel very buoyant.
You fly up into the air.
Duvessa hits you with a +0 short sword.
* * * LOW HITPOINT WARNING * * *
Duvessa closely misses you.
You hit Duvessa but do no damage.
Duvessa is severely wounded.
The frozen ramparts melt away.
Duvessa hits you with a +0 short sword.
* * * LOW HITPOINT WARNING * * *
Duvessa hits you with a +0 short sword.
You die...

............#......#.....
............#......#.....
###+####...<#......######
###....######.......
#......#....#.......
#......#....#....... .
#......'....#.......
...#+#############'#.......
......†...@)...............
.........)e................
...........................
.....?.....................
...........................
...###################.....
.. #..... . #..... #.....


You could see Duvessa (berserk, fast).

Vanquished Creatures
  Sigmund (D:2)
  Dowan (D:4)
  A crimson imp (D:3)
  2 adders
  A dart slug (D:3)
  10 bats
  3 endoplasms
  2 giant cockroaches (D:1)
  6 hobgoblins
  2 jackals (D:1)
  A quokka (D:2)
  5 ball pythons
  4 frilled lizards
  3 goblins
  8 kobolds
  3 rats
53 creatures vanquished.

Notes
Turn   | Place    | Note
-------+----------+-------------------------------------------
     0 | D:1      | safid the Merfolk Ice Elementalist began the quest for the
                  | Orb.
     0 | D:1      | Reached XP level 1. HP: 13/13 MP: 3/3
   264 | D:1      | Reached XP level 2. HP: 8/20 MP: 3/5
   401 | D:1      | Reached skill level 1 in Fighting
  1438 | D:2      | Reached XP level 3. HP: 23/26 MP: 6/6
  1442 | D:2      | Learned a level 3 spell: Frozen Ramparts
  1449 | D:2      | Found a faded altar of an unknown god.
  1683 | D:2      | Found Lokoeddi's Weapon Boutique.
  1736 | D:2      | Noticed Sigmund
  1744 | D:2      | Killed Sigmund
  1745 | D:2      | Reached skill level 5 in Ice Magic
  1745 | D:2      | Reached XP level 4. HP: 22/35 MP: 0/9
  1745 | D:2      | Reached XP level 5. HP: 26/41 MP: 0/10
  1750 | D:2      | Learned a level 3 spell: Ozocubu's Armour
  2398 | D:3      | Found a burning altar of Makhleb.
  2398 | D:3      | Found a radiant altar of Vehumet.
  2407 | D:3      | Reached XP level 6. HP: 41/47 MP: 5/11
  2411 | D:3      | Became a worshipper of Vehumet
  2722 | D:3      | Found a snail-covered altar of Cheibriados.
  3053 | D:4      | Noticed Duvessa
  3058 | D:4      | Noticed Dowan
  3073 | D:4      | Killed Dowan
  3078 | D:4      | HP: 2/48 [Duvessa/+0 short sword (3)]
  3078 | D:4      | Slain by Duvessa

Illustrated notes

Levels and vault maps discovered:
D:1:      lemuel_arrival_broad_hall, layout_basic, hex_tiny
D:2:      layout_loops_corners, serial_shops, nicolae_shop_back_alley_shop,
          hellmonk_ecumenical_altar_pennies_from_heaven, uniq_sigmund
D:3:      layout_basic, grunt_temple_overflow_lords_of_destruction,
          lemuel_tele_altar
D:4:      layout_gridville, lemuel_doored_altar,
          minmay_temple_entry_glassed_door, uniq_edmund, uniq_pikel,
          uniq_duvessa

Skill      XL: |  1  2  3 |
---------------+----------+-----
Fighting       | 1 3 |  3.7
Spellcasting   | 3 |  3.8
Ice Magic      | 5 |  5.9
Dodging        | |  2.6
Stealth        | |  2.1

Action                     |  1- 3 |  4- 6 || total
---------------------------+-------+-------++-------
  Melee: Club              |    17 |       ||    17
         Whip              |    74 |       ||    74
         Falchion          |    19 |    86 ||   105
         Punch             |       |     1 ||     1
   Cast: Freeze            |    16 |     4 ||    20
         Frozen Ramparts   |     1 |     3 ||     4
         Ozocubu's Armour  |       |     2 ||     2
    Use: Potion            |     1 |     1 ||     2
   Stab: Sleeping          |     3 |       ||     3
         Distracted        |     1 |       ||     1
 Armour: Robe              |    28 |    35 ||    63
  Dodge: Dodged            |    81 |    87 ||   168
